 Dungeon Crawl Stone Soup version 0.18.1-8-gdd0e5ea (webtiles) character file.

98 Implojin the Insei (level 4, -3/35 HPs)
             Began as a Mummy Monk on May 22, 2016.
             Slain by an adder (5 damage)
             ... on level 3 of the Dungeon.
             The game lasted 00:12:09 (5648 turns).

Implojin the Insei (Mummy Monk)                     Turns: 5648, Time: 00:12:09

Health: -3/35      AC:  0    Str: 14    XL:     4   Next: 43%
Magic:  4/4        EV: 13    Int:  9    God:
Gold:   79         SH:  0    Dex: 15    Spells: 0 memorised, 3 levels left

rFire  x . .     SeeInvis .       - Unarmed
rCold  + . .     Gourm    .     (no armour)
rNeg   + + +     Faith    .     (no shield)
rPois  ∞         Spirit   .     (no helmet)
rElec  .         Dismiss  .     (no cloak)
rCorr  .         Reflect  .     (no gloves)
SustAt .         Harm     .     (no boots)
MR     .....                    (no amulet)
Stlth  ++........               (no ring)
                                (no ring)

@: not resistant to hostile enchantments, unstealthy
A: no food or potions, fire vulnerability, cold resistance 1, negative energy
resistance 3, torment resistance, unbreathing
a: no special abilities


You were on level 3 of the Dungeon.
You were not hungry.

You visited 1 branch of the dungeon, and saw 3 of its levels.

You collected 79 gold pieces.

Inventory:

Armour
 d - a +0 large shield
Wands
 c - a wand of digging (7/24)
Scrolls
 a - a scroll of identify
 b - 5 scrolls of remove curse


   Skills:
 - Level 3.0 Fighting
 - Level 2.4 Dodging
 - Level 1.5 Stealth
 * Level 4.9 Unarmed Combat


You had 3 spell levels left.
You didn't know any spells.

Dungeon Overview and Level Annotations

Branches:
Dungeon (3/15)

Altars:

Annotations:
D:1 Ijyb
D:2 exclusion: door, Crazy Yiuf
D:3 Grinder, Natasha


Innate Abilities, Weirdness & Mutations

You do not eat or drink.
Your flesh is vulnerable to fire.
You are immune to poison.
Your flesh is cold resistant.
You are immune to negative energy.
You are immune to unholy pain and torment.
You can survive without breathing.


Message History

You closely miss the adder. The adder closely misses you.
You hit the adder.
The adder is lightly wounded.
The adder barely misses you.
You barely miss the adder. Your punch misses the adder.
The adder is lightly wounded.
The adder bites you.
* * * LOW HITPOINT WARNING * * *
You barely miss the adder.
The adder is lightly wounded.
The adder bites you.
* * * LOW HITPOINT WARNING * * *
You miss the adder.
The adder is lightly wounded.
The adder misses you.
You closely miss the adder. Your punch misses the adder.
The adder is lightly wounded.
The adder misses you. The adder barely misses you.
You barely miss the adder.
The adder is lightly wounded.
The adder misses you.
You hit the adder.
The adder is severely wounded.
The adder bites you.
* * * LOW HITPOINT WARNING * * *
You hit the adder.
The adder is almost dead.
The adder bites you.
* * * LOW HITPOINT WARNING * * *
You closely miss the adder.
The adder is almost dead.
The adder misses you.
You barely miss the adder.
The adder is almost dead.
The adder bites you.
* * * LOW HITPOINT WARNING * * *
You hit the adder but do no damage.
The adder is almost dead.
The adder bites you.
You die...

#...###.##
#<.......
######.##
#.# #.#
#.# #.#
#S# #@#
#.# #.#
#.# #.#
#.# #.#
#<# ###


You could see an adder.

Vanquished Creatures
  3 adders
  An ooze (D:1)
  2 worms
  A dart slug (D:1)
  A giant gecko (D:1)
  8 bats
  3 giant cockroaches (D:2)
  4 goblins
  10 hobgoblins
  3 jackals
  8 kobolds
  A quokka (D:2)
  2 giant newts
  5 rats (D:1)
52 creatures vanquished.

Notes
Turn   | Place    | Note
--------------------------------------------------------------
     0 | D:1      | Implojin the Mummy Monk began the quest for the Orb.
     0 | D:1      | Reached XP level 1. HP: 18/18 MP: 1/1
   170 | D:1      | Reached XP level 2. HP: 24/24 MP: 2/2
   800 | D:1      | Reached skill level 4 in Unarmed Combat
  1113 | D:1      | Reached XP level 3. HP: 24/29 MP: 3/3
  1489 | D:2      | Noticed Crazy Yiuf
  1628 | D:2      | Noticed Ijyb
  2890 | D:2      | HP: 1/29 [adder (5)]
  3779 | D:2      | Reached XP level 4. HP: 29/35 MP: 4/4
  5119 | D:3      | Noticed Natasha
  5548 | D:3      | Noticed Grinder
  5548 | D:3      | Paralysed by Grinder for 5 turns
  5648 | D:3      | Slain by an adder

Skill      XL: |  1  2 |
---------------+-------+-----
Unarmed Combat | 4 |  4.9
Fighting       | |  3.0
Dodging        | |  2.4
Stealth        | |  1.5

Action                   |  1- 3 |  4- 6 || total
-------------------------+-------+-------++-------
Melee: Unarmed           |   230 |   115 ||   345
       Punch             |     4 |     2 ||     6
  Use: Scroll            |     2 |       ||     2
 Stab: Sleeping          |     3 |       ||     3
Dodge: Dodged            |   148 |    91 ||   239

Table legend:
 A = Turns spent in this place as a percentage of turns spent in the entire game.
 B = Non-inter-level travel turns spent in this place as a percentage of non-inter-level travel turns spent in the entire game.
 C = Inter-level travel turns spent in this place as a percentage of turns spent in this place.
 D = Turns resting spent in this place as a percentage of non-inter-level travel turns spent in this place.
 E = Turns spent auto-exploring this place as a percentage of non-inter-level travel turns spent in this place.
 F = Non-inter-level travel turns spent in this place divided by the number of levels of this place that you've seen.
                   A       B       C       D       E      F
               +-------+-------+-------+-------+-------+----------------------
         Total | 100.0 | 100.0 |   0.3 |   2.4 |   2.1 | 777.3
       Dungeon | 100.0 | 100.0 |   0.3 |   2.4 |   2.1 | 777.3
               +-------+-------+-------+-------+-------+----------------------

Table legend:
 A = Kills in this place as a percentage of kills in entire the game.
 B = Kills by you in this place as a percentage of kills by you in the entire game.
 C = Kills by friends in this place as a percentage of kills by friends in the entire game.
 D = Other kills in this place as a percentage of other kills in the entire game.
 E = Experience gained in this place as a percentage of experience gained in the entire game.
 F = Experience gained in this place divided by the number of levels of this place that you have seen.
                   A       B       C       D       E      F
               +-------+-------+-------+-------+-------+----------------------
         Total | 100.0 | 100.0 |  -nan |  -nan | 100.0 |  46.7
       Dungeon | 100.0 | 100.0 |  -nan |  -nan | 100.0 |  46.7
               +-------+-------+-------+-------+-------+----------------------
